 Dungeon Crawl Stone Soup version 0.30-a0-782-ge64f9170bb (webtiles) character file.

Game seed: 5788561080556240133

98 cheesebisquit the Firebug (level 4, -3/26 HPs)
             Began as a Gargoyle Fire Elementalist on Feb 18, 2023.
             Was a Believer of Vehumet.
             Slain by Crazy Yiuf
             ... wielding a +4 quarterstaff of chaos
              (4 damage)
             ... on level 3 of the Dungeon.
             The game lasted 00:13:47 (2988 turns).

cheesebisquit the Firebug (GrFE)                    Turns: 2988, Time: 00:13:48

Health: -3/26      AC: 11    Str: 12    XL:     4   Next: 69%
Magic:  2/8        EV: 11    Int: 17    God:    Vehumet [**....]
Gold:   65         SH:  0    Dex: 10    Spells: 2/8 levels left

rFire   . . .      SeeInvis .    v - +2 dagger (holy)
rCold   . . .      Faith    .    (no shield)
rNeg    + . .      Spirit   .    a - +0 robe
rPois   ∞          Reflect  .    t - +0 helmet
rElec   +          Harm     .    (no cloak)
rCorr   .          Rampage  .    r - +0 pair of gloves
Will    .....                    (no boots)
Stlth   ++                       (no amulet)
HPRegen 0.24/turn                n - +4 ring of protection
MPRegen 0.11/turn                (no ring)

@: no status effects
A: sickness immunity, AC +3, negative energy resistance 1, electricity
resistance, torment resistance 1, petrification resistance
a: Renounce Religion


You were on level 3 of the Dungeon.
You worshipped Vehumet.
Vehumet was pleased with you.
You visited 1 branch of the dungeon, and saw 3 of its levels.

You collected 65 gold pieces.

Inventory:

Hand Weapons
 g - a +0 spear
 j - a +0 short sword
 m - a +0 club
 v - a +2 dagger of holy wrath (weapon)
Missiles
 k - 9 poisoned darts
 y - a throwing net
Armour
 a - a +0 robe (worn)
 r - a +0 pair of gloves (worn)
 s - a +0 leather armour
 t - a +0 helmet (worn)
Jewellery
 n - a +4 ring of protection (left hand)
Scrolls
 c - 4 scrolls of teleportation {unknown}
 d - 2 scrolls of amnesia {unknown}
 e - 2 scrolls of poison {unknown}
 i - 2 scrolls of fog {unknown}
 l - 4 scrolls of identify {unknown}
 x - a scroll of vulnerability {unknown}
Potions
 b - a potion of magic
 f - 2 potions of haste {unknown}
 h - a potion of might {unknown}
 o - 2 potions of curing {unknown}
 p - 2 potions of brilliance {unknown}
 q - a potion of flight {unknown}
 u - a potion of experience {unknown}
 w - a potion of mutation {unknown}


   Skills:
 + Level 2.0 Fighting
 - Level 1.5 Dodging
 - Level 2.1 Stealth
 + Level 2.7 Spellcasting
 + Level 2.5 Conjurations
 * Level 3.7 Fire Magic


You had 2 spell levels left.
You knew the following spells:

 Your Spells              Type           Power      Damage    Failure   Level
a - Foxfire               Conj/Fire      48%        2x1d6     4%          1
b - Inner Flame           Hex/Fire       8%         N/A       26%         3
z - Scorch                Fire           28%        2d6       6%          2

Your spell library contained the following spells:

 Spells                   Type           Power      Damage    Failure   Level
 Searing Ray              Conj           20%        2d5       10%         2
 Kindle Blastsparks       Fire/Tloc/Air  12%        2d11      32%         3
 Flame Wave               Conj/Fire      12%        2d6       45%         4
 Animate Dead             Necr           2%         N/A       87%         4
 Petrify                  Tmut/Erth      2%         N/A       87%         4
 Irradiate                Conj/Tmut      3%         3d12      96%         5
 Haunt                    Necr/Summ      1%         N/A       100%        7
 Infestation              Necr           1%         N/A       100%        8
 Sublimation of Blood     Necr           Unusable   N/A       N/A         2

Dungeon Overview and Level Annotations

Branches:
Dungeon (3/15)

Altars:
Vehumet

Shops:
D:2 :

Annotations:
D:3 Crazy Yiuf, Sigmund


Innate Abilities, Weirdness & Mutations

You are immune to sickness and miasma.
Your stone body is resilient. (AC +3)
You are immune to poison.
You resist negative energy. (rN+)
You are resistant to electric shocks. (rElec)
You are resistant to unholy torment.
You are immune to petrification.


Message History

You open the door.
There is an open door here.
You now have 65 gold pieces (gained 10).
A kobold comes into view. It is wielding a +0 dagger.
The kobold moves out of view.
An endoplasm comes into view.
You conjure some foxfire!
The foxfire hits the endoplasm.
The endoplasm is heavily wounded.
The endoplasm quivers.
The foxfire hits the endoplasm.
You kill the endoplasm!
Vehumet accepts your kill.
You feel your power returning.
There is a stone staircase leading up here.
Partly explored, can't reach some places.
You hit the fungus.
The fungus begins to die.
The fungus is lightly damaged.
You hit the fungus.
The fungus is lightly damaged.
You hit the fungus.
The fungus is lightly damaged.
A nearby fungus withers and dies.
Found a hammer.
Found a runed translucent door.
You open the door. Crazy Yiuf attacks as you move away!
Crazy Yiuf barely misses you. Crazy Yiuf attacks as you move away!
Crazy Yiuf hits you with a +4 quarterstaff of chaos!
Crazy Yiuf attacks as you move away!
Crazy Yiuf hits you with a +4 quarterstaff of chaos!
You feel your power leaking away.
Casting: Foxfire (safe; 4% risk of failure)
Confirm with . or Enter, or press ? or * to list all spells.
Flames lash Crazy Yiuf.
Crazy Yiuf is lightly wounded.
Crazy Yiuf's fire resistance burns away.
Crazy Yiuf hits you with a +4 quarterstaff of chaos!
* * * LOW HITPOINT WARNING * * *
Crazy Yiuf burns you.
You die...

#.....#####.######.##
+...................#
#..............###.##
......#####.######.#
####...............#
#..#####.#####..#
#..# #.# ##...#
#..#####.# #....#
#..#.....# ##@.##
####..#####.# ##gPP#
..##..#####.# #.PP##
#..#........# ##.##
.#.#..#####.# #.##
##.#..# #.# ##.#
#..#..# #.# #.##
#..#..#####.# ##.#
......#.....# #'#


You could see Crazy Yiuf (combustible).

Vanquished Creatures
  Natasha (D:2)
  2 adders (D:2)
  A worm (D:3)
  2 orcs (D:3)
  4 bats
  4 endoplasms
  A giant cockroach (D:1)
  8 goblins
  3 hobgoblins
  2 jackals (D:1)
  5 quokkas
  4 ball pythons
  2 frilled lizards (D:1)
  4 kobolds
  4 rats
47 creatures vanquished.

Vanquished Creatures (others)
  114 foxfires
  A fungus (D:3)
115 creatures vanquished.

Grand Total: 162 creatures vanquished

Notes
Turn   | Place    | Note
-------+----------+-------------------------------------------
     0 | D:1      | cheesebisquit the Gargoyle Fire Elementalist began the
                  | quest for the Orb.
     0 | D:1      | Reached XP level 1. HP: 10/10 MP: 3/3
    89 | D:1      | Found a faded altar of an unknown god.
   134 | D:1      | Prayed at the altar of an unknown god.
   134 | D:1      | Became a worshipper of Vehumet
   134 | D:1      | Reached * piety under Vehumet
   134 | D:1      | Offered knowledge of Sandblast by Vehumet.
   210 | D:1      | Reached XP level 2. HP: 16/16 MP: 5/5
   369 | D:1      | Reached skill level 1 in Fighting
   897 | D:1      | Learned a level 2 spell: Scorch
  1016 | D:2      | Reached XP level 3. HP: 20/20 MP: 6/6
  1063 | D:2      | Found Emanav's Book Shop.
  1292 | D:2      | Reached ** piety under Vehumet
  1292 | D:2      | Offered knowledge of Searing Ray by Vehumet.
  1300 | D:2      | Learned a level 3 spell: Inner Flame
  1377 | D:2      | Noticed Natasha
  1380 | D:2      | Killed Natasha
  1381 | D:2      | Reached XP level 4. HP: 25/25 MP: 4/7
  1760 | D:3      | Noticed Sigmund
  2976 | D:3      | Found a runed translucent door.
  2977 | D:3      | Noticed Crazy Yiuf
  2988 | D:3      | HP: 1/26 [Crazy Yiuf/+4 quarterstaff of chaos (8)]
  2988 | D:3      | Slain by Crazy Yiuf

Illustrated notes

Levels and vault maps discovered:
D:1:      tarquinn_simple_flora_water_e, layout_basic,
          hellmonk_ecumenical_altar_dog_temple, chequers_serial_rivers_small_b,
          chequers_hall_statues_corner_a, kennysheep_pointless_box
D:2:      layout_basic, serial_shops, nicolae_shop_hallway_plus, uniq_natasha
D:3:      layout_basic, uniq_sigmund, uniq_crazy_yiuf_cottage

Skill      XL: |  1  2  3  4 |
---------------+-------------+-----
Fighting       | 1 2 |  2.0
Conjurations   | 2 |  2.5
Dodging        | |  1.5
Stealth        | |  2.1
Spellcasting   | |  2.7
Fire Magic     | |  3.7

Action                     |  1- 3 |  4- 6 || total
---------------------------+-------+-------++-------
  Melee: Spear             |     4 |       ||     4
         Dagger            |       |     3 ||     3
   Cast: Foxfire           |    40 |    26 ||    66
         Scorch            |     7 |     9 ||    16
 Armour: Robe              |     7 |       ||     7
  Dodge: Dodged            |    11 |     7 ||    18

Table legend: (Time is in decaauts)
 A = Elapsed time spent in this place.
 B = Non-inter-level travel time spent in this place.
 C = Inter-level travel time spent in this place.
 D = Time resting spent in this place.
 E = Time spent auto-exploring this place.
 F = Levels seen in this place.
 G = Mean time per level.
                   A        B        C        D        E       F      G
               +--------+--------+--------+--------+--------+-----+--------+
         Total |   2988 |   2804 |    184 |      0 |   2370 |   3 |  996.0 |
       Dungeon |   2988 |   2804 |    184 |      0 |   2370 |   3 |  996.0 |
               +--------+--------+--------+--------+--------+-----+--------+

Top non-repeatable levels by time:
     D:3: 1085 daAuts
     D:1: 986 daAuts
     D:2: 916 daAuts
